 Dungeon Crawl Stone Soup version 0.29-a0-375-g5102b3be25 (webtiles) character file.

Game seed: 10927563769217604100

1124 jaega1 the Caller (level 8, -24/53 (54) HPs)
             Began as a Demonspawn Artificer on May 3, 2022.
             Was a Follower of Fedhas.
             Annihilated by an ogre
             ... wielding a +0 giant spiked club
              (28 damage)
             ... on level 5 of the Dungeon.
             The game lasted 00:37:19 (8289 turns).

jaega1 the Caller (Demonspawn Artificer)            Turns: 8289, Time: 00:37:20

HP:   -24/53 (54)   AC:  6    Str: 12    XL:     8   Next: 13%
MP:   4/11          EV: 11    Int: 15    God:    Fedhas [*.....]
Gold: 244           SH:  0    Dex: 20    Spells: 4/11 levels left

rFire   . . .      SeeInvis .   z - +3 flail (protect)
rCold   . . .      Faith    .   (no shield)
rNeg    . . .      Spirit   .   b - +0 leather armour
rPois   +          Reflect  .   (no helmet)
rElec   .          Harm     .   (no cloak)
rCorr   .          Rampage  .   (no gloves)
Will    .....                   D - +0 pair of boots
Stlth   ++........              (no amulet)
HPRegen 0.17/turn               q - +6 ring of dexterity
MPRegen 0.12/turn               x - ring of poison resistance

@: lightly drained
A: icy blue scales 1, foul stench 1
a: Renounce Religion


You were on level 5 of the Dungeon.
You worshipped Fedhas.
Fedhas was aware of your devotion.
You visited 1 branch of the dungeon, and saw 5 of its levels.

You collected 244 gold pieces.

Inventory:

Hand Weapons
 z - a +3 flail of protection (weapon)
Armour
 b - a +0 leather armour (worn)
 o - the +1 scale mail "Enait" {Dex+2}
   (You found it on level 2 of the Dungeon)

   Dex:       It affects your dexterity (+2).
 D - a +0 pair of boots (worn)
Jewellery
 q - a +6 ring of dexterity (left hand)
 x - a ring of poison resistance (right hand)
 B - a +4 ring of evasion
Wands
 c - a wand of flame (23) (quivered)
 d - a wand of charming (15)
 e - a wand of iceblast (11)
Scrolls
 j - 5 scrolls of teleportation
 k - a scroll of vulnerability {unknown}
 m - a scroll of fog
 n - a scroll of fear
 s - a scroll of noise {unknown}
 y - a scroll of silence
 A - a scroll of brand weapon
Potions
 f - 2 potions of flight
 g - 2 potions of curing
 h - a potion of ambrosia
 l - a potion of attraction {unknown}
 p - a potion of magic {unknown}
 r - a potion of lignification
 v - a potion of berserk rage


   Skills:
 - Level 1.0 Fighting
 * Level 4.4 Maces & Flails
 - Level 1.7 Armour
 - Level 0.8 Dodging
 - Level 0.8 Stealth
 - Level 2.0 Spellcasting
 - Level 3.2 Conjurations
 - Level 6.1 Summonings
 - Level 4.0 Evocations


You had 4 spell levels left.
You knew the following spells:

 Your Spells              Type           Power      Damage    Failure   Level
a - Magic Dart            Conj           44%        1d5       8%          1
b - Summon Small Mammal   Summ           80%        N/A       2%          1
c - Call Imp              Summ           20%        N/A       3%          2
d - Call Canine Familiar  Summ           20%        N/A       7%          3

Your spell library contained the following spells:

 Spells                   Type           Power      Damage    Failure   Level
 Summon Guardian Golem    Hex/Summ       10%        N/A       24%         3
 Beastly Appendage        Tmut           2%         N/A       28%         1
 Corpse Rot               Necr/Air       2%         N/A       38%         2
 Poisonous Vapours        Pois/Air       2%         N/A       38%         2
 Scorch                   Fire           2%         2d5       38%         2
 Wereblood                Tmut           1%         N/A       38%         2
 Mephitic Cloud           Conj/Pois/Air  4%         N/A       47%         3
 Summon Ice Beast         Ice/Summ       10%        N/A       61%         4
 Gell's Gravitas          Tloc           1%         N/A       63%         3
 Flame Wave               Conj/Fire      6%         2d5       82%         4
 Iskenderun's Mystic Bla  Conj/Tloc      6%         2d4       82%         4
 Cause Fear               Hex            0%         N/A       95%         4
 Summon Mana Viper        Hex/Summ       10%        N/A       91%         5
 Summon Cactus Giant      Summ           10%        N/A       98%         6
 Yara's Violent Unravell  Hex/Tmut       0%         3d3       100%        5
 Dispersal                Tloc           0%         N/A       100%        6
 Dragon Form              Tmut           0%         N/A       100%        7
 Malign Gateway           Summ/Tloc      5%         N/A       100%        7
 Monstrous Menagerie      Summ           10%        N/A       100%        7
 Dragon's Call            Summ           10%        N/A       100%        9


Dungeon Overview and Level Annotations

Branches:
Dungeon (5/15)
 Temple: D:4-7

Altars:
Fedhas
Ru


Innate Abilities, Weirdness & Mutations

You are partially covered in icy blue scales. (AC +2)
You may rarely emit foul miasma when damaged in melee.


Message History

You are very lightly contaminated with residual magic.
Nothing appears to happen.
The ogre shouts!
Casting: Call Canine Familiar (dangerous; 7% risk of failure)
Confirm with . or Enter, or press ? or * to list all spells.
Casting: Call Canine Familiar (dangerous; 7% risk of failure)
Confirm with . or Enter, or press ? or * to list all spells.
Aiming: Magic Dart (safe; 8% risk of failure)
Press: ? - help, Shift-Dir - straight line, f - ogre
Aim: an ogre, wielding a +0 giant spiked club (ally target, 100% to hit)
The magic dart hits the ogre.
The ogre is lightly wounded.
The ogre closely misses your hound.
Your hound closely misses the ogre.
Your hound completely misses the ogre.
The ogre hits you with a +0 giant spiked club!!
Your hound bites the ogre. x2
Casting: Magic Dart (safe; 8% risk of failure)
Confirm with . or Enter, or press ? or * to list all spells.
Aiming: Magic Dart (safe; 8% risk of failure)
Press: ? - help, Shift-Dir - straight line, f/p - ogre
Aim: an ogre, wielding a +0 giant spiked club (heavily wounded, ally target, 100% to hit)
The magic dart hits the ogre.
The ogre is heavily wounded.
Your hound bites the ogre but does no damage.
The ogre attacks as you move away! The ogre barely misses you.
Your hound bites the ogre.
Your hound bites the ogre.
Your magical contamination has completely faded away.
You barely miss the ogre.
The ogre is severely wounded.
The ogre hits you with a +0 giant spiked club!!
* * * LOW HITPOINT WARNING * * *
Your hound closely misses the ogre.
Unknown command.
Your hound barely misses the ogre.
The ogre attacks as you move away!
The ogre hits you with a +0 giant spiked club!!
Ouch! That really hurt!
You die...
Fedhas appreciates your contribution to the ecosystem.

.# #..# ## ### ##..# #
#.# #..## # ##.##
##..## #
##...####....### #.
###..............## ..
#.......####......####
.# ........##
#..hO.....##### .#
.........#
##...@........####.#
#........#
#......##.........#
.........#
#.......####.....##
.........# #.......#
###...# .........#
#........# ###.##
.........## ##...#####
#>.# ..........# #####
##.# .........## #.###
##.......#
############.#<.


You could see an ogre (ally target) and a friendly hound (summoned).

Vanquished Creatures
  Sigmund (D:4)
  Blork the orc (D:4)
  2 howler monkeys (D:5)
  A hound (D:4)
  2 orc priests (D:3)
  A gnoll shaman (D:4)
  An iguana (D:5)
  Natasha (thrice) (D:2)
  4 orc wizards
  2 gnolls (D:4)
  3 adders
  A white imp (D:5)
  An ufetubus (D:4)
  2 worms
  3 dart slugs
  18 orcs
  A ball python (D:4)
  9 bats
  2 endoplasms
  3 giant cockroaches
  9 goblins
  7 hobgoblins
  5 jackals
  7 quokkas
  6 frilled lizards
  3 kobolds
  5 rats
103 creatures vanquished.

Vanquished Creatures (collateral kills)
  A black bear (D:4)
  A phantom (D:5)
  2 necrophages (D:4)
  An iguana (D:4)
  An adder (D:5)
  2 gnolls (D:4)
  An orc (D:4)
9 creatures vanquished.

Vanquished Creatures (others)
  A plant (D:5)
1 creature vanquished.

Grand Total: 113 creatures vanquished

Notes
Turn   | Place    | Note
-------+----------+-------------------------------------------
     0 | D:1      | jaega1 the Demonspawn Artificer began the quest for the
                  | Orb.
     0 | D:1      | Reached XP level 1. HP: 15/15 MP: 1/1
   494 | D:1      | Gained mutation: You are partially covered in icy blue
                  | scales. (AC +2) [demonic ancestry]
   494 | D:1      | Reached XP level 2. HP: 14/21 MP: 2/2
   919 | D:1      | Learned a level 1 spell: Magic Dart
  1079 | D:1      | Reached XP level 3. HP: 10/26 MP: 3/3
  1487 | D:1      | Reached skill level 1 in Maces & Flails
  1760 | D:2      | Found a sacrificial altar of Ru.
  1791 | D:2      | Identified the +1 scale mail "Enait" {Dex+2}
  1949 | D:2      | Noticed Natasha
  1951 | D:2      | Killed Natasha
  1952 | D:2      | Reached skill level 1 in Spellcasting
  1952 | D:2      | Gained mutation: You may rarely emit foul miasma when
                  | damaged in melee. [demonic ancestry]
  1952 | D:2      | Reached XP level 4. HP: 32/32 MP: 3/6
  1960 | D:2      | Reached skill level 1 in Conjurations
  2369 | D:2      | Noticed Natasha
  2373 | D:2      | Killed Natasha
  2424 | D:2      | Noticed Natasha
  2635 | D:2      | Killed Natasha
  2636 | D:2      | Reached XP level 5. HP: 37/37 MP: 8/8
  3431 | D:3      | Learned a level 1 spell: Summon Small Mammal
  4172 | D:4      | Noticed Sigmund
  4369 | D:3      | Found a blossoming altar of Fedhas.
  4379 | D:3      | Became a worshipper of Fedhas Madash
  4412 | D:3      | Reached XP level 6. HP: 36/43 MP: 1/9
  4485 | D:3      | Learned a level 2 spell: Call Imp
  4972 | D:4      | Reached skill level 1 in Summonings
  5221 | D:4      | Learned a level 3 spell: Call Canine Familiar
  5256 | D:4      | Noticed Blork the orc
  5270 | D:4      | Killed Blork the orc
  5271 | D:4      | Reached skill level 2 in Summonings
  5480 | D:3      | Identified a scroll of acquirement
  5482 | D:3      | Acquired the Incunabulum of Shape Shifting and the Compass
  5507 | D:4      | Killed Sigmund
  5508 | D:4      | Reached skill level 4 in Summonings
  5508 | D:4      | Reached XP level 7. HP: 48/48 MP: 10/10
  6322 | D:4      | Reached * piety under Fedhas
  6341 | D:4      | Reached skill level 5 in Summonings
  6514 | D:5      | Entered Level 5 of the Dungeon
  7385 | D:5      | Reached skill level 6 in Summonings
  7713 | D:4      | Reached XP level 8. HP: 30/50 MP: 8/11
  7935 | D:5      | Found a faded altar of an unknown god.
  7937 | D:5      | Found a faded altar of an unknown god.
  7937 | D:5      | Found a faded altar of an unknown god.
  7937 | D:5      | Found a faded altar of an unknown god.
  8289 | D:5      | Annihilated by an ogre

Illustrated notes

Levels and vault maps discovered:
D:1:      minmay_arrival_plants_in_alcoves, layout_basic
D:2:      layout_rooms, basic_altar, uniq_natasha
D:3:      layout_loops_ring, nicolae_overflow_hidden_temple, st_stairs_14
D:4:      layout_gridville, uniq_blork_the_orc, uniq_sigmund
D:5:      layout_cave_pods, nicolae_hepliaklqana_ecumenical_no_more

Skill      XL: |  1  2  3  4  5  6  7  8 |
---------------+-------------------------+-----
Evocations     | 4 |  4.0
Maces & Flails | 1 2 3 4 |  4.4
Spellcasting   | 1 2 |  2.0
Conjurations   | 2 3 |  3.2
Summonings     | 4 6 |  6.1
Fighting       | |  1.0
Armour         | |  1.7
Dodging        | |  0.8
Stealth        | |  0.8

Action                   |  1- 3 |  4- 6 |  7- 9 || total
-------------------------+-------+-------+-------++-------
Melee: Club              |    48 |       |       ||    48
       Punch             |     1 |     3 |     1 ||     5
       Mace              |   100 |   110 |    92 ||   302
       Flail             |       |       |     1 ||     1
 Cast: Magic Dart        |     9 |   110 |    63 ||   182
       Summon Small Mamm |       |     3 |       ||     3
       Call Imp          |       |     3 |       ||     3
       Call Canine Famil |       |       |    14 ||    14
Evoke: Wand              |     1 |     5 |       ||     6
  Use: Scroll            |       |     9 |     7 ||    16
       Potion            |       |     1 |     2 ||     3
 Stab: Sleeping          |       |     1 |       ||     1
       Distracted        |       |       |     3 ||     3
Armor: Leather armour    |    82 |    32 |    34 ||   148
Dodge: Dodged            |   124 |    75 |    65 ||   264

Table legend: (Time is in decaauts)
 A = Elapsed time spent in this place.
 B = Non-inter-level travel time spent in this place.
 C = Inter-level travel time spent in this place.
 D = Time resting spent in this place.
 E = Time spent auto-exploring this place.
 F = Levels seen in this place.
 G = Mean time per level.
                   A        B        C        D        E       F      G
               +--------+--------+--------+--------+--------+-----+--------+
         Total |   8417 |   8140 |    277 |   3500 |   2592 |   5 | 1683.4 |
       Dungeon |   8417 |   8140 |    277 |   3500 |   2592 |   5 | 1683.4 |
               +--------+--------+--------+--------+--------+-----+--------+

Top non-repeatable levels by time:
     D:4: 2147 daAuts
     D:1: 2009 daAuts
     D:3: 1885 daAuts
     D:5: 1242 daAuts
     D:2: 1132 daAuts
